 Dungeon Crawl Stone Soup version 0.28.0-53-g5a82cb258f (webtiles) character file.

Game seed: 10251021717078465856

499 Sin92 the Skirmisher (level 6, -2/48 HPs)
             Began as a Demonspawn Fighter on June 4, 2022.
             Slain by a troll (6 damage)
             ... on level 5 of the Dungeon.
             The game lasted 00:03:32 (3329 turns).

Sin92 the Skirmisher (Demonspawn Fighter)           Turns: 3329, Time: 00:03:32

Health: -2/48      AC:  7    Str: 19    XL:     6   Next: 94%
Magic:  6/6        EV: 10    Int:  9    God:
Gold:   170        SH: 10    Dex: 12    Spells: 5/5 levels left

rFire   . . .      SeeInvis .   z - +3 flail (venom)
rCold   . . .      Faith    .   c - +1 buckler
rNeg    . . .      Spirit   .   b - +0 scale mail
rPois   +          Reflect  .   (no helmet)
rElec   .          Harm     .   (no cloak)
rCorr   .          Rampage  .   (no gloves)
Will    +....                   (no boots)
Stlth   ..........              o - amulet of regeneration
HPRegen 0.96/turn               i - ring of willpower
MPRegen 0.10/turn               u - ring of poison resistance

@: no status effects
A: claws 1, spiny 1, condensation shield
a: no special abilities


You were on level 5 of the Dungeon.
You visited 2 branches of the dungeon, and saw 6 of its levels.

You collected 170 gold pieces.

Inventory:

Hand Weapons
 a - a +0 war axe
 z - a +3 flail of venom (weapon)
Armour
 b - a +0 scale mail (worn)
 c - a +1 buckler (worn)
Jewellery
 i - a ring of willpower (left claw)
 o - an amulet of regeneration (around neck)
 p - an amulet of faith
 u - a ring of poison resistance (right claw)
Wands
 s - a wand of flame (23)
Scrolls
 e - 2 scrolls of enchant armour
 g - a scroll of identify
 j - 2 scrolls of teleportation
 l - 2 scrolls of fog
Potions
 d - a potion of might
 f - 2 potions of heal wounds {unknown}
 h - a potion of resistance
 k - a potion of degeneration {unknown}
 m - 2 potions of magic
 n - 2 potions of berserk rage
 q - a potion of mutation {unknown}
 r - a potion of curing {unknown}
 t - a potion of experience {unknown}
 v - a potion of cancellation {unknown}
 w - a potion of brilliance {unknown}


   Skills:
 + Level 4.3 Fighting
 + Level 3.4 Axes
 + Level 0.0(2.0) Maces & Flails
 + Level 4.0 Armour
 + Level 2.6 Dodging
 + Level 4.0 Shields


You had 5 spell levels left.
You didn't know any spells.
Your spell library contained the following spells:

 Spells                   Type           Power      Damage    Failure   Level
 Beastly Appendage        Tmut           0%         N/A       83%         1
 Slow                     Hex            0%         N/A       83%         1
 Wereblood                Tmut           0%         N/A       93%         2
 Confusing Touch          Hex            0%         N/A       99%         3
 Spider Form              Tmut/Pois      0%         N/A       99%         3
 Vampiric Draining        Necr           0%         2d6       99%         3


Dungeon Overview and Level Annotations

Branches:
Dungeon (5/15)             Temple (1/1) D:5

Altars:
Cheibriados
Dithmenos
Elyvilon
Fedhas
Gozag
Hepliaklqana
Kikubaaqudgha
Nemelex Xobeh
Qazlal
Ru
Sif Muna
Uskayaw
Vehumet
Wu Jian
Xom
Yredelemnul
Zin
The Shining One


Innate Abilities, Weirdness & Mutations

You have sharp fingernails.
You are partially covered in sharp spines.
A meltable shield of frost defends you. (SH +4)


Message History

The troll is struck by your spines. The troll bites you!
The troll barely misses you. You block the troll's attack.
Unknown command.
A troll is nearby!
You closely miss the troll.
The troll is lightly wounded.
The troll bites you but does no damage. The troll barely misses you.
You block the troll's attack.
Unknown command.
A troll is nearby!
You hit the troll.
The troll is moderately wounded.
You block the troll's attack. x2; The troll claws you!
Unknown command.
A troll is nearby!
You closely miss the troll.
The troll is lightly wounded.
You block the troll's attack. The troll claws you but does no damage.
The troll claws you! The troll is struck by your spines.
The troll closely misses you. The troll claws you.
The troll claws you but does no damage.
Unknown command.
You are too injured to fight recklessly!
Unknown command.
You are too injured to fight recklessly!
You are too injured to fight recklessly!
Unknown command.
Unknown command.
You are too injured to fight recklessly!
Unknown command.
You completely miss the troll.
The troll is lightly wounded.
You block the troll's attack. The troll misses you. The troll claws you!
* * * LOW HITPOINT WARNING * * *
You closely miss the troll.
The troll is lightly wounded.
The troll bites you.
* * * LOW HITPOINT WARNING * * *
You block the troll's attack. The troll claws you.
You die...

# .. # .# . ..## . ....
. ######..#..# ..
######...@T....# .....
............#### ......
######.....#### ......
###......####.#
.)....###...##.### #.#
##.###.....###.######.#
.#.....#..## #.##.....#
......#..## ##.##.#####
..###...###....##.#


You could see a troll.

Vanquished Creatures
  A bullfrog (D:4)
  2 scorpions (D:5)
  3 hounds
  An orc priest (D:5)
  3 orc wizards
  2 adders
  4 gnolls (D:4)
  3 dart slugs
  6 orcs
  2 bats (D:1)
  7 endoplasms
  3 giant cockroaches
  8 goblins
  7 hobgoblins
  2 quokkas
  6 ball pythons
  2 frilled lizards
  5 kobolds
  4 rats
71 creatures vanquished.

Notes
Turn   | Place    | Note
-------+----------+-------------------------------------------
     0 | D:1      | Sin92 the Demonspawn Fighter began the quest for the Orb.
     0 | D:1      | Reached XP level 1. HP: 18/18 MP: 1/1
   187 | D:1      | Gained mutation: A meltable shield of frost defends you.
                  | (SH +4) [demonic ancestry]
   187 | D:1      | Reached XP level 2. HP: 24/24 MP: 2/2
   610 | D:1      | Found a faded altar of an unknown god.
   964 | D:2      | Reached XP level 3. HP: 29/29 MP: 3/3
  1168 | D:2      | Reached skill level 1 in Dodging
  1677 | D:3      | You fall into a shaft and drop 2 floors!
  1677 | D:5      | Entered Level 5 of the Dungeon
  1683 | D:5      | Gained mutation: You are partially covered in sharp spines.
                  | [demonic ancestry]
  1683 | D:5      | Reached XP level 4. HP: 34/35 MP: 4/4
  1690 | D:5      | Gained mutation: You have sharp fingernails. [demonic
                  | ancestry]
  1690 | D:5      | Reached XP level 5. HP: 23/42 MP: 5/5
  1701 | D:5      | HP: 2/42 [poisoned by an orc priest]
  1729 | D:5      | Found a staircase to the Ecumenical Temple.
  1741 | Temple   | Entered the Ecumenical Temple
  2085 | D:5      | Reached XP level 6. HP: 48/48 MP: 6/6
  3321 | D:5      | Noticed a troll
  3329 | D:5      | Slain by a troll

Illustrated notes

Levels and vault maps discovered:
D:1:      psy_arrival_radial02, layout_rooms,
          shapermc_ecumenical_altar_notcrosses
D:2:      layout_loops_corners, minmay_3d_cube
D:3:      layout_loops_ring, serial_aquarium, aquarium_bridge_island_small
          [aquarium_subvault_small_water, aquarium_subvault_bridge,
          aquarium_subvault_bridge, aquarium_subvault_window,
          aquarium_subvault_wall], aquarium_bridge_long_separate
          [aquarium_subvault_balcony, aquarium_subvault_window,
          aquarium_subvault_bridge, aquarium_subvault_bridge,
          aquarium_subvault_bridge, aquarium_subvault_wall],
          aquarium_window_fake, aquarium_window_corridor_1, aquarium_window_1,
          aquarium_view_2f, aquarium_balcony_3b, corexii_hall_statues_s
D:4:      layout_cave_pools
D:5:      layout_rooms
Temple:   dpeg_five_rooms_temple

Skill      XL: |  1  2  3  4  5  6 |
---------------+-------------------+-----
Axes           | 2 3 |  3.4
Dodging        | 1 2 |  2.6
Shields        | 3 4 |  4.0
Armour         | 3 4 |  4.0
Fighting       | 4 |  4.3

Action                   |  1- 3 |  4- 6 || total
-------------------------+-------+-------++-------
Melee: War axe           |    97 |    64 ||   161
       Flail             |       |     5 ||     5
  Use: Scroll            |       |     9 ||     9
       Potion            |       |     2 ||     2
Armor: Scale mail        |    28 |    30 ||    58
Dodge: Dodged            |    34 |    24 ||    58
Block: Buckler           |    49 |    34 ||    83
